 Dungeon Crawl Stone Soup version 0.27-a0-1144-g0b7d3b79db (webtiles) character file.

Game seed: 16315237003019963941

8246 shoop the Slicer (level 11, -3/55 HPs)
             Began as a Vine Stalker Delver on May 11, 2021.
             Was a Believer of Uskayaw.
             Slain by Urug
             ... wielding a +3 vampiric scimitar
              (12 damage)
             ... on level 10 of the Dungeon.
             The game lasted 00:36:46 (9490 turns).

shoop the Slicer (Vine Stalker Delver)              Turns: 9490, Time: 00:36:50

Health: -3/55      AC: 11    Str: 15    XL:     11   Next: 27%
Magic:  0/16       EV: 14    Int: 11    God:    Uskayaw [**....]
Gold:   263        SH:  0    Dex: 18    Spells: 12/14 levels left

rFire    + . .     SeeInvis +   a - +1 short sword (elec)
rCold    . . .     Faith    .   (no shield)
rNeg     . . .     Spirit   +   D - +0 leather armour of the Six Orbs {rF+}
rPois    +         Reflect  .   s - +1 helmet
rElec    .         Harm     .   G - +0 cloak {rPois}
rCorr    .         Rampage  .   i - +2 pair of gloves
Will     ++...                  t - +1 pair of boots
Stlth    +++.......             (no amulet)
HPRegen  1.18/turn              I - ring of see invisible
MPRegen  0.15/turn              C - ring of willpower

@: no status effects
A: fangs 3, regeneration 1, magic shield, antimagic bite, no potion heal 2
a: Renounce Religion, Stomp, Line Pass


You were on level 10 of the Dungeon.
You worshipped Uskayaw.
Uskayaw was noncommittal.
You visited 2 branches of the dungeon, and saw 11 of its levels.

You collected 567 gold pieces.
You spent 304 gold pieces at shops.

Inventory:

Hand Weapons
 a - a +1 short sword of electrocution (weapon)
 b - a +2 dagger of venom
 q - a +3 rapier
Missiles
 u - 24 poisoned darts (quivered)
 v - 2 boomerangs
 x - 5 throwing nets
 K - 5 silver javelins
Armour
 i - a +2 pair of gloves (worn)
 p - a +0 kite shield
 s - a +1 helmet (worn)
 t - a +1 pair of boots (worn)
 D - the +0 leather armour of the Six Orbs (worn) {rF+}
   (You bought it in a shop on level 3 of the Dungeon)

   It protects you from fire.
 G - a +0 cloak of poison resistance (worn)
Jewellery
 l - a ring of ice
 m - a ring of flight
 C - a ring of willpower (right hand)
 I - a ring of see invisible (left hand)
Wands
 g - a wand of digging (8)
 w - a wand of polymorph (5)
 E - a wand of flame (64)
Scrolls
 c - 3 scrolls of fog
 d - 3 scrolls of magic mapping
 e - 2 scrolls of fear
 j - 3 scrolls of immolation {unknown}
 n - 3 scrolls of noise {unknown}
 r - a scroll of enchant weapon
 y - a scroll of vulnerability
 A - 3 scrolls of teleportation
 M - a scroll of acquirement
 N - a scroll of enchant armour
 O - a scroll of holy word
 P - a scroll of amnesia {unknown}
Potions
 f - 4 potions of haste
 h - 3 potions of flight {unknown}
 k - 2 potions of heal wounds {unknown}
 o - 2 potions of attraction
 z - 4 potions of curing
 B - a potion of brilliance
 H - a potion of might
 J - a potion of ambrosia
 L - 3 potions of mutation
Miscellaneous
 F - a phantom mirror


   Skills:
 - Level 5.0 Fighting
 - Level 12.0 Short Blades
 - Level 1.0 Throwing
 - Level 5.0 Dodging
 - Level 6.0 Stealth
 - Level 2.0 Spellcasting
 - Level 2.0 Transmutations
 - Level 2.0 Earth Magic
 + Level 6.1 Invocations
 - Level 3.0 Evocations


You had 12 spell levels left.
You knew the following spells:

 Your Spells              Type           Power      Damage    Failure   Level
p - Passwall              Tmut/Erth      4%         N/A       24%         2

Your spell library contained the following spells:

 Spells                   Type           Power      Damage    Failure   Level
 Sandblast                Erth           10%        2d5       16%         1
 Animate Skeleton         Necr           2%         N/A       34%         1
 Pain                     Necr           4%         1d4       34%         1
 Summon Small Mammal      Summ           4%         N/A       34%         1
 Call Imp                 Summ           1%         N/A       47%         2
 Stone Arrow              Conj/Erth      6%         3d7       56%         3
 Call Canine Familiar     Summ           1%         N/A       71%         3
 Summon Guardian Golem    Hex/Summ       1%         N/A       71%         3
 Vampiric Draining        Necr           0%         2d6       71%         3
 Petrify                  Tmut/Erth      5%         N/A       83%         4
 Animate Dead             Necr           0%         N/A       98%         4
 Summon Ice Beast         Ice/Summ       1%         N/A       98%         4
 Summon Lightning Spire   Summ/Air       1%         N/A       98%         4
 Lee's Rapid Deconstruct  Erth           2%         3d6*      99%         5
 Agony                    Necr           1%         N/A       100%        5


Dungeon Overview and Level Annotations

Branches:
Dungeon (10/15)            Temple (1/1) D:7            Lair (0/6) D:9
    Orc: D:9-12

Altars:
Ashenzari
Cheibriados
Dithmenos
Elyvilon
Fedhas
Gozag
Hepliaklqana
Kikubaaqudgha
Makhleb
Okawaru
Qazlal
Ru
Trog
Uskayaw
Vehumet
Wu Jian
Xom
Yredelemnul
The Shining One
Jiyva

Shops:
D:3 [   D:7 [   D:9 [

Annotations:
D:5 exclusion: statue
D:8 3 runed translucent doors, Zeld's ghost, amateur OpBe
D:10 exclusion: two-headed ogre, Joseph; Urug


Innate Abilities, Weirdness & Mutations

You have razor-sharp teeth.
Your natural rate of healing is unusually fast.
When hurt, damage is shared between your health and your magic reserves.
Your bite disrupts and absorbs the magic of your enemies.
Potions cannot restore your health.


Message History

Urug throws a javelin.
The javelin pierces through you.
Urug screams, "Die, harpy!"
Urug throws a javelin.
The javelin closely misses you.
You see here a +0 club.
Unknown command.
Aiming: Polymorph
Press: ? - help, Shift-Dir - straight line, f/p - Urug
Aim: Urug, wielding a +3 vampiric scimitar, wearing a +0 scale mail, quivering javelins and carrying a wand of iceblast (7) (will become a manticore, a meliai, or a moth of wrath, chance to affect: 37%)
Okay, then.
Unknown command.
Okay, then.
Urug throws a javelin.
The javelin misses you.
Urug throws a javelin.
The javelin pierces through you.
Urug throws a javelin.
The javelin pierces through you!!
Urug zaps a wand.
The mass of ice explodes!
The iceblast engulfs you.
Urug hits you with a +3 vampiric scimitar!!
You see here a +0 club.
You hit Urug but do no damage. Lightning courses through Urug!!
You bite Urug, but do no damage.
Urug is moderately wounded.
You hit Urug. Lightning courses through Urug! Your bite misses Urug.
Urug is heavily wounded.
Urug barely misses you.
You can now pass through a line of other dancers.
You barely miss Urug.
Urug is heavily wounded.
You hit Urug.
Urug is heavily wounded.
Urug hits you with a +3 vampiric scimitar!!
* * * LOW HITPOINT WARNING * * *
You hit Urug but do no damage. Your bite misses Urug.
Urug is heavily wounded.
Okay, then.
Unknown command.
Aiming: Phantom Mirror
Press: ? - help, Dir - move target, f/p - Urug
Aim: Urug, wielding a +3 vampiric scimitar, wearing a +0 scale mail, quivering javelins and carrying a wand of iceblast (6) (heavily wounded) Nothing appears to happen.
Urug hits you with a +3 vampiric scimitar!
You die...

#............## ###.###########
#..# #.## ###.###########
#.............# #.............##
#############...............
######....o.oooo@.....>........##
.o.....###########.............##
######## #.............#
###############


You could see Urug, an orc warrior and 3 orcs.

Vanquished Creatures
  Snorg (D:10)
  Harold (D:9)
  An unseen horror (D:10)
  Prince Ribbit (D:6)
  A wraith (D:8)
  3 wyverns
  12 yaks
  4 fire bats (D:9)
  An acid dragon (D:10)
  A water moccasin (D:6)
  Duvessa (D:5)
  A hell hound (D:9)
  2 black bears
  4 orc warriors
  A hornet zombie (D:8)
  An ogre (D:6)
  2 sky beasts
  2 phantoms
  A kobold brigand (D:9)
  5 bullfrogs
  A wyvern zombie (D:8)
  3 scorpions (D:5)
  Dowan (D:5)
  6 killer bees (D:8)
  4 howler monkeys
  A bullfrog zombie (D:6)
  A centaur zombie (D:9)
  2 hounds
  2 lava snakes (D:9)
  5 orc priests
  2 bullfrog skeletons (D:6)
  9 orc wizards
  An iguana (D:4)
  2 killer bee zombies
  Robin (D:2)
  2 howler monkey zombies (D:5)
  9 adders
  3 gnolls (D:6)
  A shadow imp (D:3)
  A white imp (D:8)
  An ufetubus (D:5)
  A worm (D:2)
  7 dart slugs
  35 orcs
  8 ball pythons
  5 endoplasms
  5 giant cockroaches
  10 hobgoblins
  10 jackals
  11 kobolds
  6 quokkas
  6 bats
  6 frilled lizards
  11 goblins
  8 rats
233 creatures vanquished.

Vanquished Creatures (others)
  6 bushes (D:9)
  3 fire vortices (D:9)
9 creatures vanquished.

Grand Total: 242 creatures vanquished

Notes
Turn   | Place    | Note
-------+----------+-------------------------------------------
     0 | D:5      | shoop the Vine Stalker Delver began the quest for the Orb.
     0 | D:5      | Reached XP level 1. HP: 11/11 MP: 2/2
    18 | D:4      | Noticed an iguana
    76 | D:4      | Noticed a black bear
   135 | D:3      | Reached skill level 2 in Short Blades
   233 | D:3      | Reached XP level 2. HP: 13/16 MP: 1/3
   583 | D:1      | Found a faded altar of an unknown god.
   596 | D:1      | Reached skill level 3 in Short Blades
   625 | D:1      | Reached XP level 3. HP: 19/19 MP: 2/4
  1762 | D:2      | Gained mutation: Your natural rate of healing is unusually
                  | fast. [Vine Stalker growth]
  1762 | D:2      | Reached XP level 4. HP: 23/23 MP: 5/5
  1789 | D:2      | Reached skill level 4 in Short Blades
  1860 | D:2      | Noticed Robin
  1880 | D:2      | Killed Robin
  2004 | D:2      | Reached XP level 5. HP: 27/27 MP: 6/6
  2540 | D:3      | Found a glowing golden altar of the Shining One.
  2565 | D:3      | Found a sacrificial altar of Ru.
  2583 | D:3      | Found a hazy altar of Hepliaklqana.
  2614 | D:3      | Found Zipuidih's Antique Armour Emporium.
  2698 | D:3      | Found a shadowy altar of Dithmenos.
  2737 | D:3      | Reached skill level 1 in Throwing
  3000 | D:4      | Reached skill level 5 in Short Blades
  3376 | D:4      | Reached XP level 6. HP: 32/32 MP: 7/7
  3666 | D:4      | Reached skill level 1 in Evocations
  4063 | D:4      | Killed a black bear
  4340 | D:3      | Bought a slimy leather armour for 147 gold pieces
  4340 | D:3      | Identified the +0 leather armour of the Six Orbs {rF+} (You
                  | bought it in a shop on level 3 of the Dungeon)
  4386 | D:5      | Noticed Duvessa
  4393 | D:5      | Noticed an orc warrior
  4411 | D:4      | Killed an orc warrior
  4412 | D:4      | Reached skill level 6 in Short Blades
  4412 | D:4      | Reached XP level 7. HP: 32/35 MP: 8/8
  4523 | D:5      | Noticed Dowan
  4597 | D:5      | Killed Dowan
  4690 | D:5      | Killed Duvessa
  4730 | D:5      | Reached skill level 7 in Short Blades
  4740 | D:5      | Gained mutation: You have razor-sharp teeth. [Vine Stalker
                  | growth]
  4740 | D:5      | Reached XP level 8. HP: 39/39 MP: 9/9
  4800 | D:5      | Reached skill level 8 in Short Blades
  4890 | D:5      | Found a radiant altar of Vehumet.
  5223 | D:5      | Learned a level 2 spell: Passwall
  5388 | D:6      | Noticed Prince Ribbit
  5433 | D:7      | Reached skill level 1 in Spellcasting
  5433 | D:7      | Reached skill level 1 in Transmutations
  5433 | D:7      | Reached skill level 1 in Earth Magic
  5448 | D:6      | Killed Prince Ribbit
  5574 | D:6      | Reached skill level 9 in Short Blades
  5660 | D:6      | Reached XP level 9. HP: 43/43 MP: 13/13
  6465 | D:7      | Found a burning altar of Makhleb.
  6576 | D:7      | Found Latuych's Armour Emporium.
  6815 | D:7      | Reached skill level 10 in Short Blades
  6896 | D:7      | Found a staircase to the Ecumenical Temple.
  6926 | Temple   | Entered the Ecumenical Temple
  6934 | Temple   | Became a worshipper of Uskayaw the Reveller
  6942 | Temple   | Identified a scroll of acquirement
  7057 | D:3      | Bought a pair of embroidered gloves for 157 gold pieces
  7380 | D:8      | Reached * piety under Uskayaw
  7383 | D:8      | Reached ** piety under Uskayaw
  7428 | D:8      | Reached skill level 1 in Invocations
  7469 | D:8      | Reached *** piety under Uskayaw
  7617 | D:8      | Reached **** piety under Uskayaw
  7730 | D:8      | Found a runed translucent gate.
  7730 | D:8      | Found a runed translucent gate.
  7730 | D:8      | Found a runed translucent gate.
  7733 | D:8      | Found a viscous altar of Jiyva.
  7733 | D:8      | Noticed Zeld's ghost (amateur OpBe)
  7963 | D:9      | Found a staircase to the Lair.
  8025 | D:8      | Reached XP level 10. HP: 39/49 MP: 11/14
  8070 | D:8      | Reached ***** piety under Uskayaw
  8086 | D:9      | Reached ****** piety under Uskayaw
  8096 | D:9      | Noticed Harold
  8097 | D:9      | Killed Harold
  8098 | D:9      | Reached skill level 11 in Short Blades
  8578 | D:9      | Reached skill level 5 in Fighting
  8697 | D:9      | Reached XP level 11. HP: 55/55 MP: 15/15
  8725 | D:9      | Reached skill level 5 in Invocations
  8785 | D:9      | Found Ducoum's Armour Shoppe.
  8980 | D:10     | Entered Level 10 of the Dungeon
  9102 | D:10     | Noticed a two-headed ogre
  9148 | D:10     | Noticed Joseph
  9289 | D:10     | Noticed Snorg
  9297 | D:10     | Killed Snorg
  9298 | D:10     | Reached skill level 12 in Short Blades
  9298 | D:10     | Reached skill level 5 in Dodging
  9445 | D:10     | Noticed Urug
  9490 | D:10     | Slain by Urug

Illustrated notes

Levels and vault maps discovered:
D:1:      minmay_arrival_widening_spiral_wide, layout_rooms,
          basic_ecumenical_altar
D:2:      layout_basic, uniq_robin
D:3:      layout_basic, lemuel_doored_altar,
          gammafunk_temple_overflow_forgotten, serial_shops, shop
D:4:      layout_loops_ring, minmay_stone_trees_medium
D:5:      layout_cave_pools, vehumet_statue, serial_glass, glass_columns_b,
          glass_columns_b, minmay_strange_pillars, due_unseen_surprise,
          uniq_duvessa, uniq_pikel
D:6:      layout_layer_cave, uniq_prince_ribbit1
D:7:      layout_basic, lemuel_round_altar, minmay_temple_entry_trees,
          serial_shops, shop_statue, minivault_24, minmay_misc_feat_alley
D:8:      layout_rooms, gammafunk_ghost_ooze
D:9:      layout_cave_pools, lair_entry_dummy, serial_park, serial_park_square2,
          serial_shops, shop, hangedman_incinerator, uniq_harold
D:10:     layout_roguey [special_room_orc], david_orc_1_choice, uniq_urug,
          uniq_snorg, uniq_joseph
Temple:   nicolae_temple_x_marks_the_god

Skill      XL: |  1  2  3  4  5  6  7  8  9 10 11 |
---------------+----------------------------------+-----
Short Blades   | 2 3 4 5 6 7 9 10 11 12 | 12.0
Throwing       | 1 |  1.0
Evocations     | 2 3 |  3.0
Spellcasting   | 2 |  2.0
Transmutations | 2 |  2.0
Earth Magic    | 2 |  2.0
Fighting       | 3 5 |  5.0
Dodging        | 3 4 5 |  5.0
Invocations    | 2 4 6 |  6.1
Stealth        | |  6.0

Action                   |  1- 3 |  4- 6 |  7- 9 | 10-12 || total
-------------------------+-------+-------+-------+-------++-------
Melee: Short sword       |    47 |     3 |   210 |   183 ||   443
       Bite              |    18 |    55 |    89 |    63 ||   225
       Rapier            |    51 |   112 |       |       ||   163
       Dagger            |       |    59 |    60 |       ||   119
Throw: Dart              |       |     2 |    23 |     3 ||    28
 Cast: Passwall          |       |       |     1 |     3 ||     4
Invok: Grand Finale      |       |       |       |     1 ||     1
Evoke: Wand              |       |     1 |     1 |       ||     2
       Phantom mirror    |       |       |       |     1 ||     1
  Use: Scroll            |       |       |    11 |     2 ||    13
 Stab: Sleeping          |    11 |    14 |     8 |     3 ||    36
       Distracted        |       |       |     1 |       ||     1
       Paralysed         |       |       |     3 |     7 ||    10
Armor: Leather armour    |    24 |    44 |    68 |    53 ||   189
Dodge: Dodged            |    49 |    82 |    91 |    78 ||   300

Table legend: (Time is in decaauts)
 A = Elapsed time spent in this place.
 B = Non-inter-level travel time spent in this place.
 C = Inter-level travel time spent in this place.
 D = Time resting spent in this place.
 E = Time spent auto-exploring this place.
 F = Levels seen in this place.
 G = Mean time per level.
                   A        B        C        D        E       F      G
               +--------+--------+--------+--------+--------+-----+--------+
         Total |   9307 |   8639 |    668 |    377 |   6272 |  11 |  846.1 |
       Dungeon |   9275 |   8614 |    661 |    377 |   6272 |  10 |  927.5 |
        Temple |     31 |     24 |      7 |      0 |      0 |   1 |   31.0 |
               +--------+--------+--------+--------+--------+-----+--------+

Top non-repeatable levels by time:
     D:1: 1298 daAuts
     D:4: 1292 daAuts
     D:6: 1008 daAuts
     D:2: 927 daAuts
     D:3: 923 daAuts
     D:5: 888 daAuts
     D:7: 850 daAuts
     D:8: 834 daAuts
     D:9: 816 daAuts
    D:10: 435 daAuts
  Temple: 31 daAuts
